 Dungeon Crawl Stone Soup version 0.31-a0-276-ge00219d475 (webtiles) character file.

Game seed: 3205860576849784977

560 Graywind the Chopper (level 7, 0/59 (61) HPs)
             Began as a Hill Orc Cinder Acolyte on July 15, 2023.
             Was a Priest of Ignis.
             Slain by an iron imp (7 damage)
             ... summoned by Eustachio
             ... on level 5 of the Dungeon.
             The game lasted 00:18:51 (1470 turns).

Graywind the Chopper (Hill Orc Cinder Acolyte)      Turns: 1470, Time: 00:18:52

HP:   0/59 (61)     AC: 15    Str: 16    XL:     7   Next: 31%
MP:   5/10          EV: 10    Int: 18    God:    Ignis [***...]
Gold: 154           SH:  0    Dex: 10    Spells: 4/10 levels left

rFire   + + +        a - -1 hand axe (flame)
rCold   x . .        (no shield)
rNeg    . . .        h - +5 ring mail "Quakupi" {rPois rF+++ rC- Int+3}
rPois   +            (helmet restricted)
rElec   .            (no cloak)
rCorr   .            (no gloves)
SInv    .            f - +0 pair of boots
Will    .....        (no amulet)
Stlth   +            c - ring of wizardry
HPRegen 0.29/turn    (no ring)
MPRegen 0.12/turn

%: wizardry (x1)
@: fiery-armoured, lightly drained
A: beak, agile 1, deformed body
a: Renounce Religion, Fiery Armour, Foxfire Swarm


You were on level 5 of the Dungeon.
You worshipped Ignis.
Ignis was most pleased with you.
You visited 1 branch of the dungeon, and saw 5 of its levels.

You collected 154 gold pieces.

Inventory:

Hand Weapons
 a - a -1 hand axe of flaming (weapon)
Missiles
 e - a throwing net
Armour
 f - a +0 pair of boots (worn)
 h - the +5 ring mail "Quakupi" (worn) {rPois rF+++ rC- Int+3}
   (You found it on level 5 of the Dungeon)

   Int:       It affects your intelligence (+3).
   rF:        It renders you almost immune to fire.
   rC:        It makes you vulnerable to cold.
   rPois:     It protects you from poison.
Jewellery
 c - a ring of wizardry (left hand)
Wands
 g - a wand of flame (20)
Scrolls
 b - a scroll of identify
 d - a scroll of enchant weapon {unknown}


   Skills:
 + Level 5.3 Fighting
 + Level 6.8 Axes
 + Level 1.0 Armour
 + Level 1.3 Dodging
 + Level 0.8 Stealth
 + Level 2.3 Spellcasting
 + Level 0.7 Hexes
 + Level 4.6 Fire Magic
 + Level 0.3 Ice Magic


You had 4 spell levels left.
You knew the following spells:

 Your Spells              Type           Power      Damage    Failure   Level
a - Scorch                Fire           36%        2d7       3%          2
b - Ensorcelled Hibernat  Hex/Ice        8%         N/A       16%         2
c - Cigotuvi's Dreadful   Necr/Pois/Air  4%         N/A       21%         2

Your spell library contained the following spells:

 Spells                   Type           Power      Damage    Failure   Level
 Shock                    Conj/Air       8%         1d3       13%         1
 Anguish                  Hex/Necr       1%         N/A       71%         4
 Silence                  Hex/Air        1%         N/A       95%         5
 Maxwell's Capacitive Co  Air            1%         ∞         100%        8


Dungeon Overview and Level Annotations

Branches:
Dungeon (5/15)
 Temple: D:4-7

Altars:
Makhleb
Xom

Shops:
D:3 (

Annotations:
D:5 Eustachio


Innate Abilities, Weirdness & Mutations

You have a beak for a mouth.
You are agile. (Dex +4, Str/Int -1)
Armour fits poorly on your strangely shaped body.


Message History

You closely miss the river rat.
The river rat is heavily wounded.
The river rat closely misses you.
You hit the river rat. You burn the river rat.
You kill the river rat!
The river rat's corpse disappears in a puff of smoke!
The quokka bites you but does no damage.
The quokka is burned by your cloak of flames.
The quokka is heavily wounded.
You slash the quokka! You burn the quokka.
You kill the quokka!
The quokka's corpse disappears in a puff of smoke!
You hit the iron imp but do no damage. The iron imp completely misses you.
You barely miss the iron imp.
You peck the iron imp, but do no damage.
You hit the iron imp. Your peck misses the iron imp.
The iron imp is moderately wounded.
The iron imp hits you but does no damage.
The iron imp completely resists.
You closely miss the iron imp.
The iron imp is moderately wounded.
The iron imp barely misses you.
You hit the iron imp. You peck the iron imp.
The iron imp is heavily wounded.
Eustachio gestures wildly while chanting.
The iron imp hits you but does no damage.
The iron imp completely resists.
You closely miss the iron imp.
The iron imp is heavily wounded.
The iron imp hits you.
* * * LOW HITPOINT WARNING * * *
The iron imp completely resists.
You hit the iron imp but do no damage.
You peck the iron imp, but do no damage.
The iron imp is heavily wounded.
You hit the iron imp but do no damage.
You peck the iron imp, but do no damage.
The iron imp is heavily wounded.
The iron imp hits you!
You die...

#...b...##
######
###...r..#
#..#@#.#
#r...#.#
#..###.#
#r.###.#
#..@...#
#####.#######.#
#5@5@.....#
###########


You could see Eustachio, an iron imp (summoned) and a white imp (summoned).

Vanquished Creatures
  2 black bears (D:5)
  A centaur (D:5)
  2 phantoms (D:4)
  An iguana (D:4)
  2 orc wizards (D:3)
  3 adders
  A worm (D:4)
  3 dart slugs
  2 orcs (D:3)
  2 ball pythons (D:1)
  A bat (D:3)
  An endoplasm (D:2)
  5 giant cockroaches
  4 goblins
  4 hobgoblins
  3 quokkas
  A frilled lizard (D:2)
  4 kobolds
  7 rats
49 creatures vanquished.

Vanquished Creatures (others)
  28 foxfires
28 creatures vanquished.

Grand Total: 77 creatures vanquished

Notes
Turn   | Place    | Note
-------+----------+-------------------------------------------
     0 | D:1      | Graywind the Hill Orc Cinder Acolyte began the quest for
                  | the Orb.
     0 | D:1      | Reached XP level 1. HP: 19/19 MP: 2/2
    71 | D:1      | Reached XP level 2. HP: 25/27 MP: 3/3
    74 | D:1      | Learned a level 2 spell: Scorch
   248 | D:2      | Gained mutation: Armour fits poorly on your strangely
                  | shaped body. [potion of mutation]
   248 | D:2      | Gained mutation: You are agile. (Dex +4, Str/Int -1)
                  | [potion of mutation]
   248 | D:2      | Gained mutation: You have a beak for a mouth. [potion of
                  | mutation]
   277 | D:2      | Reached XP level 3. HP: 34/34 MP: 1/4
   299 | D:2      | Learned a level 2 spell: Ensorcelled Hibernation
   447 | D:3      | Got the Writings on the Squall
   472 | D:3      | You fall into a shaft and drop 1 floor!
   539 | D:3      | Found Qugic's Weapon Shoppe.
   584 | D:3      | Reached XP level 4. HP: 37/41 MP: 1/5
   628 | D:3      | Found the +5 robe of Misfortune {Harm *Corrode *Slow EV+5}
   729 | D:3      | Found a burning altar of Makhleb.
   730 | D:3      | Found a shimmering altar of Xom.
  1089 | D:4      | Reached skill level 5 in Axes
  1089 | D:4      | Reached XP level 5. HP: 39/47 MP: 2/6
  1103 | D:4      | Learned a level 2 spell: Cigotuvi's Dreadful Rot
  1120 | D:4      | Noticed a phantom
  1121 | D:4      | Noticed a phantom
  1131 | D:4      | Killed a phantom
  1144 | D:4      | Killed a phantom
  1145 | D:4      | Reached skill level 5 in Fighting
  1145 | D:4      | Reached skill level 6 in Axes
  1145 | D:4      | Reached skill level 1 in Dodging
  1145 | D:4      | Reached XP level 6. HP: 44/56 MP: 1/8
  1166 | D:5      | Entered Level 5 of the Dungeon
  1180 | D:5      | Noticed a black bear
  1188 | D:5      | Killed a black bear
  1189 | D:5      | Reached XP level 7. HP: 38/61 MP: 0/10
  1293 | D:5      | Identified the +5 ring mail "Quakupi" {rPois rF+++ rC-
                  | Int+3}
  1422 | D:5      | Noticed Eustachio
  1440 | D:5      | HP: 2/55 [black bear (4)]
  1441 | D:5      | Reached skill level 1 in Armour
  1470 | D:5      | Slain by an iron imp

Illustrated notes

Levels and vault maps discovered:
D:1:      psy_arrival_fountain, layout_basic, kennysheep_pointless_box,
          minmay_misc_feat_encased
D:2:      layout_rooms, ebering_dispersal_statue_hall, minmay_fountain_box
D:3:      layout_basic, grunt_temple_overflow_champion_of_chaos, serial_shops,
          shop
D:4:      layout_loops_cross, minmay_temple_entry_statues_pillars,
          sigmund_edmund_badplayer
D:5:      layout_loops_cross, minmay_small_thing, uniq_edmund, uniq_eustachio

Skill      XL: |  1  2  3  4  5  6  7 |
---------------+----------------------+-----
Fighting       | 4 5 |  5.3
Fire Magic     | 4 |  4.6
Axes           | 5 6 |  6.8
Dodging        | 1 |  1.3
Spellcasting   | 2 |  2.3
Armour         | 1 |  1.0
Stealth        | |  0.8
Hexes          | |  0.7
Ice Magic      | |  0.3

Action                     |  1- 3 |  4- 6 |  7- 9 || total
---------------------------+-------+-------+-------++-------
  Melee: Hand axe          |    70 |    84 |    20 ||   174
         Punch             |     2 |     1 |       ||     3
         Peck              |     6 |    15 |     5 ||    26
   Cast: Scorch            |     7 |     8 |     4 ||    19
         Ensorcelled Hiber |       |     1 |       ||     1
         Cigotuvi's Dreadf |       |       |     1 ||     1
 Invoke: Foxfire Swarm     |       |     1 |     2 ||     3
         Rising Flame      |       |     1 |       ||     1
         Fiery Armour      |       |       |     1 ||     1
    Use: Scroll            |     3 |     2 |       ||     5
         Potion            |     4 |     1 |     1 ||     6
   Stab: Sleeping          |     1 |       |       ||     1
 Armour: Scale mail        |     7 |       |       ||     7
         Robe              |    13 |    14 |     2 ||    29
         Ring mail         |       |       |    22 ||    22
  Dodge: Dodged            |    35 |    52 |    20 ||   107

Table legend: (Time is in decaauts)
 A = Elapsed time spent in this place.
 B = Non-inter-level travel time spent in this place.
 C = Inter-level travel time spent in this place.
 D = Time resting spent in this place.
 E = Time spent auto-exploring this place.
 F = Levels seen in this place.
 G = Mean time per level.
                   A        B        C        D        E       F      G
               +--------+--------+--------+--------+--------+-----+--------+
         Total |   1476 |   1476 |      0 |    300 |      0 |   5 |  295.2 |
       Dungeon |   1476 |   1476 |      0 |    300 |      0 |   5 |  295.2 |
               +--------+--------+--------+--------+--------+-----+--------+

Top non-repeatable levels by time:
     D:3: 447 daAuts
     D:2: 443 daAuts
     D:5: 301 daAuts
     D:1: 155 daAuts
     D:4: 128 daAuts
